 Dungeon Sprint DCSS version 0.17-a0-1718-g72dbe4d (webtiles) character file.

1412 Kidiri the Covert (level 8, -10/36 HPs)
             Began as a Spriggan Enchanter on Aug 25, 2015.
             Was an Initiate of Dithmenos.
             Mangled by a polar bear (15 damage)
             ... in the Dungeon (Sprint II: "The Violet Keep of Menkaure").
             The game lasted 00:08:51 (766 turns).

Kidiri the Covert (Spriggan Enchanter)               Turns: 766, Time: 00:08:51

Health: -10/36     AC:  5    Str:  4    XL:     8   Next: 43%
Magic:  0/23       EV: 31    Int: 17    God:    Dithmenos [......]
Gold:   4          SH:  0    Dex: 21    Spells: 10 memorised, 1 level left

rFire  . . .     SeeInvis +     a - +1 dagger
rCold  . . .     Clarity  .     g - +0 robe of the Wumpus {Dex+3 SInv}
rNeg   . . .     SustAt   .     (shield restricted)
rPois  .         Gourm    .     (helmet restricted)
rElec  .         Spirit   .     h - +2 cloak
rCorr  .         Warding  .     (gloves unavailable)
rMut   .         NoTele   +     (boots unavailable)
MR     +....                    (no amulet)
Stlth  +++.......               (no ring)
                                (no ring)

@: confused, very quick, somewhat resistant to hostile enchantments, fairly
stealthy
A: unfitting armour, see invisible, herbivore 3, speed 3, slow metabolism 2
a: Renounce Religion


You were in the Dungeon.
You worshipped Dithmenos.
Dithmenos was noncommittal.
You were not hungry.

You visited 1 branch You collected 972 gold pieces.
You spent 968 gold pieces at shops.

Inventory:

Hand weapons
 a - a +1 dagger (weapon)
Armour
 g - the +0 robe of the Wumpus (worn) {Dex+3 SInv}
   (You bought it in a shop in the Dungeon)

   It affects your dexterity (+3).
   It lets you see invisible.
 h - a +2 cloak (worn)
Scrolls
 j - a scroll of blinking
 l - 2 scrolls of identify
Potions
 e - 6 potions of curing
 f - a potion of heal wounds
 i - a potion of berserk rage
Comestibles
 d - a bread ration


   Skills:
 + Level 6.8 Short Blades
 * Level 12.0 Dodging
 * Level 13.3 Stealth
 * Level 10.5 Spellcasting
 + Level 3.9 Conjurations
 + Level 8.0 Hexes
 + Level 4.2 Ice Magic
 + Level 1.4 Air Magic
 + Level 1.5 Poison Magic
 + Level 1.5 Invocations


You had one spell level left.
You knew the following spells:

 Your Spells              Type           Power        Failure   Level  Hunger
a - Corona                Hex            #####..      1%          1    None
b - Ensorcelled Hibernat  Hex/Ice        ####..       1%          2    None
c - Confuse               Hex            #####...     1%          3    None
d - Tukima's Dance        Hex            #####...     1%          3    None
e - Dazzling Spray        Conj/Hex       ####....     1%          3    None
f - Sting                 Conj/Pois      ###.         2%          1    None
g - Cure Poison           Pois           ##........   10%         2    None
h - Mephitic Cloud        Conj/Pois/Air  ###.....     12%         3    None
i - Olgreb's Toxic Radia  Pois           ##......     45%         4    ###....
j - Venom Bolt            Conj/Pois      ###.......   82%         5    #####..


Dungeon Overview and Level Annotations

Branches:
Dungeon (1/1)

Altars:
Cheibriados
Dithmenos
Elyvilon
Fedhas
Gozag
Kikubaaqudgha
Makhleb
Nemelex Xobeh
Okawaru
Qazlal
Ru
Sif Muna
Trog
Vehumet
Xom
Yredelemnul
Zin
The Shining One
Beogh
Jiyva
Lugonu

Shops:
D (:!}?[*[:==%!=}*

Annotations:
D exclusion: oklob plant


Innate Abilities, Weirdness & Mutations

You are tiny and cannot use many weapons and most armour.
You have supernaturally acute eyesight.
You are a herbivore.
You cover ground extremely quickly.
You need consume almost no food.


Message History

Aiming: Ensorcelled Hibernation
Press: ? - help, Shift-Dir - straight line, f - polar bear
Aim: a polar bear (heavily wounded, chance to defeat MR: 58%)
Okay, then.
Unknown command.
Casting: Ensorcelled Hibernation
Confirm with . or Enter, or press ? or * to list all spells.
Aiming: Dazzling Spray
Press: ? - help, Shift-Dir - straight line, f - polar bear
Aim: a polar bear The spray of energy hits the polar bear.
The polar bear is lightly wounded.
The polar bear is dazzled.
The spray of energy hits the polar bear.
The polar bear is heavily wounded.
The polar bear is dazzled.
The spray of energy hits you!
* * * LOW HITPOINT WARNING * * *
You are confused.
The polar bear bites you!
You die...

#..#....# ...# .#####..##
#..# $#▓!?[($)?! '###.##..#
+..# .#▓$)$??((! .##...#..#
#..# .#▓$)!?((%!
<.'###+..####..##.#▓[[$[?[!)
.##...#....###...##▓▓▓▓▓▓▓+▓
'###:##......≈≈≈h≈≈≈≈≈≈≈≈≈..
#.####≈≈.....≈#h########+##
#..#≈≈≈§≈≈≈..≈#h@..._._#§≈≈#
..##≈≈≈≈≈§≈≈.≈#...._._.#≈§≈≈
+##≈≈≈≈§≈§≈≈≈§#..._._._#≈≈§§
≈≈≈≈≈≈≈≈§≈≈§≈≈#.._._._.#≈§≈≈
#+++#≈§≈§≈≈§≈≈#.⌠._._._#§§§§
§.. ##§§≈###≈≈#.._._._.#§≈§§
§..§. #≈§#._._(_..#§≈§§
8...§.+ #≈≈#.._._...#§§≈
.§...## §≈≈##########≈≈§


You could see 3 polar bears.

Vanquished Creatures
  A siren (D)
  A yaktaur (D)
  2 boulder beetles (D)
  Menkaure (D)
  A wasp (D)
  2 crocodiles (D)
  A scorpion (D)
  4 worker ants (D)
  3 worms (D)
16 creatures vanquished.

Notes
Turn   | Place    | Note
--------------------------------------------------------------
     0 | D        | Kidiri the Spriggan Enchanter began the quest for the Orb.
     0 | D        | Reached XP level 1. HP: 9/9 MP: 5/5
     1 | D        | Noticed a worker ant
     1 | D        | Noticed a worker ant
     9 | D        | Noticed a worker ant
     9 | D        | Noticed a worker ant
    10 | D        | Killed a worker ant
    10 | D        | Reached skill level 6 in Stealth
    10 | D        | Reached XP level 2. HP: 13/13 MP: 6/8
    11 | D        | Killed a worker ant
    11 | D        | Reached skill level 5 in Dodging
    11 | D        | Reached skill level 7 in Stealth
    11 | D        | Reached XP level 3. HP: 16/16 MP: 7/10
    18 | D        | Learned a level 2 spell: Ensorcelled Hibernation
    22 | D        | Learned a level 3 spell: Confuse
    26 | D        | Learned a level 3 spell: Tukima's Dance
    40 | D        | Killed a worker ant
    40 | D        | Reached skill level 5 in Spellcasting
    40 | D        | Reached XP level 4. HP: 21/21 MP: 9/12
    48 | D        | Learned a level 3 spell: Dazzling Spray
    50 | D        | Killed a worker ant
    50 | D        | Reached skill level 8 in Stealth
    50 | D        | Reached skill level 1 in Ice Magic
    83 | D        | Noticed a siren
    89 | D        | Reached skill level 5 in Hexes
   109 | D        | Noticed a boulder beetle
   109 | D        | Noticed a boulder beetle
   109 | D        | Noticed Menkaure
   132 | D        | Killed Menkaure
   132 | D        | Reached skill level 9 in Stealth
   132 | D        | Reached skill level 1 in Conjurations
   132 | D        | Reached XP level 5. HP: 24/24 MP: 9/15
   148 | D        | Killed a boulder beetle
   148 | D        | Reached skill level 5 in Short Blades
   148 | D        | Reached skill level 10 in Stealth
   148 | D        | Reached XP level 6. HP: 28/28 MP: 11/18
   213 | D        | Killed a boulder beetle
   213 | D        | Reached skill level 10 in Dodging
   213 | D        | Reached skill level 11 in Stealth
   213 | D        | Reached XP level 7. HP: 12/32 MP: 11/20
   418 | D        | Killed a siren
   418 | D        | Reached skill level 12 in Stealth
   430 | D        | Noticed an ice statue
   435 | D        | Found Vioro's Assorted Antiques.
   436 | D        | Found Xetoum's Jewellery Emporium.
   436 | D        | Found Qityos's Distillery.
   437 | D        | Found Gexzuef's Jewellery Emporium.
   437 | D        | Found Vuamoopeiv's Jewellery Shoppe.
   438 | D        | Noticed a scorpion
   440 | D        | Killed a scorpion
   478 | D        | Noticed a lava snake
   479 | D        | Noticed a lava snake
   480 | D        | Noticed a crocodile
   482 | D        | Killed a crocodile
   482 | D        | Reached skill level 10 in Spellcasting
   482 | D        | Reached XP level 8. HP: 36/36 MP: 23/23
   487 | D        | Noticed a lava snake
   487 | D        | Noticed a lava snake
   503 | D        | Found Zinomis's Gadget Shoppe.
   503 | D        | Found Hezugot's Food Emporium.
   504 | D        | Found Adier's Book Emporium.
   504 | D        | Found Vimmeic's Antique Armour Shoppe.
   505 | D        | Found Fuejaufa's General Store.
   505 | D        | Found Kurec's Antique Armour Shoppe.
   505 | D        | Found Ucask's Magic Scroll Shoppe.
   507 | D        | Found Mamediwu's Gadget Shoppe.
   507 | D        | Found Tybirobb's Distillery.
   507 | D        | Noticed an oklob plant
   508 | D        | Found Neng's Antique Weapon Shoppe.
   508 | D        | Found Rehife's Book Shoppe.
   509 | D        | Noticed a shining eye
   510 | D        | Noticed a shining eye
   510 | D        | Noticed a shining eye
   512 | D        | Noticed a wyvern
   515 | D        | Noticed a wyvern
   515 | D        | Noticed an electric eel
   515 | D        | Noticed an electric eel
   523 | D        | Bought a distressingly furry robe for 119 gold pieces
   523 | D        | Bought a runed cloak for 94 gold pieces
   533 | D        | Identified the +0 robe of the Wumpus {Dex+3 SInv} (You bought it in a shop in the Dungeon)
   555 | D        | Bought a Young Poisoner's Handbook for 440 gold pieces
   557 | D        | Learned a level 1 spell: Sting
   560 | D        | Learned a level 2 spell: Cure Poison
   564 | D        | Learned a level 3 spell: Mephitic Cloud
   569 | D        | Learned a level 4 spell: Olgreb's Toxic Radiance
   575 | D        | Learned a level 5 spell: Venom Bolt
   579 | D        | Bought a potion of curing for 33 gold pieces
   579 | D        | Bought a potion of curing for 33 gold pieces
   579 | D        | Bought a potion of heal wounds for 55 gold pieces
   579 | D        | Bought a potion of curing for 33 gold pieces
   579 | D        | Bought a potion of heal wounds for 55 gold pieces
   582 | D        | Bought a potion of curing for 36 gold pieces
   590 | D        | Bought a potion of curing for 30 gold pieces
   590 | D        | Bought a scroll of identify for 20 gold pieces
   590 | D        | Bought a scroll of identify for 20 gold pieces
   630 | D        | Noticed a crocodile
   639 | D        | Killed a crocodile
   640 | D        | Found a deep blue altar of Sif Muna.
   641 | D        | Found a glowing golden altar of the Shining One.
   641 | D        | Found a sparkling altar of Nemelex Xobeh.
   641 | D        | Found an ancient bone altar of Kikubaaqudgha.
   642 | D        | Found a shadowy altar of Dithmenos.
   642 | D        | Found an opulent altar of Gozag.
   642 | D        | Found a roughly hewn altar of Beogh.
   643 | D        | Found a stormy altar of Qazlal.
   643 | D        | Found a basalt altar of Yredelemnul.
   643 | D        | Found a blossoming altar of Fedhas.
   644 | D        | Found a radiant altar of Vehumet.
   644 | D        | Found a glowing silver altar of Zin.
   645 | D        | Found a bloodstained altar of Trog.
   646 | D        | Found an iron altar of Okawaru.
   646 | D        | Found a shimmering altar of Xom.
   646 | D        | Found a sacrificial altar of Ru.
   646 | D        | Found a burning altar of Makhleb.
   646 | D        | Found a white marble altar of Elyvilon.
   646 | D        | Found a viscous altar of Jiyva.
   646 | D        | Noticed a wasp
   646 | D        | Noticed a polar bear
   647 | D        | Found a snail-covered altar of Cheibriados.
   647 | D        | Found a corrupted altar of Lugonu.
   647 | D        | Noticed a yaktaur
   662 | D        | Became a worshipper of Dithmenos the Shadowed
   691 | D        | Noticed a polar bear
   693 | D        | Noticed a polar bear
   754 | D        | Killed a yaktaur
   754 | D        | Reached skill level 13 in Stealth
   754 | D        | Reached skill level 1 in Air Magic
   754 | D        | Reached skill level 1 in Poison Magic
   754 | D        | Reached skill level 1 in Invocations
   762 | D        | Paralysed by a wasp for 3 turns
   764 | D        | Killed a wasp
   766 | D        | Mangled by a polar bear

Vault maps used:
D:        the_violet_keep_of_menkaure

Action                   |  1- 3 |  4- 6 |  7- 9 || total
-------------------------+-------+-------+-------++-------
Melee: Dagger            |     3 |    32 |    58 ||    93
 Cast: Ensorcelled Hiber |     1 |     2 |     8 ||    11
       Confuse           |       |     6 |     4 ||    10
       Dazzling Spray    |       |     3 |     4 ||     7
       Sting             |       |       |     1 ||     1
  Use: Potion            |       |     3 |     2 ||     5
 Stab: Sleeping          |     3 |     6 |     4 ||    13
       Confused          |       |     3 |       ||     3
       Invisible         |       |     1 |     1 ||     2
